 Dungeon Crawl Stone Soup version 0.30-a0-870-gc5d4c5acee (webtiles) character file.

Game seed: 13340610923530557764

249450 Grim the Executioner (level 18, -11/173 (178) HPs)
             Began as a Minotaur Berserker on Mar 11, 2023.
             Was a High Priest of Trog.
             Killed from afar by Sojobo (44 damage)
             ... with a bolt of lightning
             ... on level 1 of the Depths.
             The game lasted 01:38:55 (42594 turns).

Grim the Executioner (Minotaur Berserker)          Turns: 42594, Time: 01:38:55

HP:   -11/173 (178) AC: 31    Str: 23    XL:     18   Next: 88%
MP:   17/17         EV: 13    Int: 12    God:    Trog [*****.]
Gold: 1983          SH:  0    Dex: 11    Spells: 17/17 levels left

rFire   + + +      SeeInvis .    a - +9 executioner's axe
rCold   + + +      Faith    .    (shield currently unavailable)
rNeg    . . .      Spirit   .    O - +3 plate armour {rC+}
rPois   +          Reflect  .    V - +2 hat
rElec   .          Rampage  .    g - +2 cloak
rCorr   +                        X - +3 pair of gloves of Melancholy {rPois rF- rC+++ Str-3}
Will    ++...                    t - +0 pair of boots of Lanuan {rC+} Stlth
                                 N - amulet "Dicsipna" {rF+++ rC+ Regen+ Dex-4 Slay+4}
HPRegen 2.08/turn                W - ring "Finaoh" {*Slow rF+ Will+ rCorr}
MPRegen 0.15/turn                i - ring "Xeeh" {Int+7 Slay+4}

@: about to teleport, on berserk cooldown, studying Fighting, lightly drained
A: horns 2, retaliatory headbutt, agile 1, regeneration 1, evolution 1
}: 2/15 runes: decaying, serpentine
a: Renounce Religion, Berserk, Trog's Hand, Brothers in Arms


You were on level 1 of the Depths.
You worshipped Trog.
Trog was extremely pleased with you.
You visited 6 branches of the dungeon, and saw 31 of its levels.
You also visited: Gauntlet and Ice Cave.

You collected 3479 gold pieces.
You spent 1496 gold pieces at shops.

Inventory:

Hand Weapons
 a - a +9 executioner's axe (weapon)
 b - a +2 hand crossbow of draining
Missiles
 d - 5 throwing nets
Armour
 g - a +2 cloak (worn)
 t - the +0 pair of boots of Lanuan (worn) {rC+}
   (You found it in an ice cave)

   rC:        It protects you from cold.
 O - a +3 plate armour of cold resistance (worn)
 V - a +2 hat (worn)
 X - the +3 pair of gloves of Melancholy (worn) {rPois rF- rC+++ Str-3}
   (You found it in a Gauntlet)

   Str:       It affects your strength (-3).
   rF:        It makes you vulnerable to fire.
   rC:        It renders you almost immune to cold.
   rPois:     It protects you from poison.
Jewellery
 i - the ring "Xeeh" (right hand) {Int+7 Slay+4}
   (You found it on level 2 of the Snake Pit)

   [ring of slaying]

   Int:       It affects your intelligence (+7).
   Slay:      It affects your accuracy & damage with ranged weapons and melee
   (+4).
 q - a ring of see invisible
 y - a +6 ring of dexterity
 F - the ring "Xierut" {Fly Int+3 Dex+7}
   (You found it on level 2 of the Snake Pit)

   [ring of flight]

   Int:       It affects your intelligence (+3).
   Dex:       It affects your dexterity (+7).
   Fly:       It grants you flight.
 L - the amulet "Omil Faa" {RegenMP rElec rF+++ Will++ Str-3}
   (You found it on level 10 of the Dungeon)

   [amulet of magic regeneration]

   It increases your rate of magic regeneration.
   Str:       It affects your strength (-3).
   rF:        It renders you almost immune to fire.
   rElec:     It insulates you from electricity.
   Will:      It greatly increases your willpower.
 N - the amulet "Dicsipna" (around neck) {rF+++ rC+ Regen+ Dex-4 Slay+4}
   (You bought it in a shop on level 2 of the Orcish Mines)

   [amulet of regeneration]

   Dex:       It affects your dexterity (-4).
   Slay:      It affects your accuracy & damage with ranged weapons and melee
   (+4).
   rF:        It renders you almost immune to fire.
   rC:        It protects you from cold.
   Regen:     It increases your rate of health regeneration.
 W - the ring "Finaoh" (left hand) {*Slow rF+ Will+ rCorr}
   (You found it in a Gauntlet)

   [ring of protection from fire]

   rF:        It protects you from fire.
   rCorr:     It protects you from acid and corrosion.
   *Slow:     It may slow you when you take damage.
   Will:      It increases your willpower.
Wands
 A - a wand of digging (13)
 B - a wand of paralysis (16)
 G - a wand of flame (49)
 K - a wand of mindburst (13)
 Y - a wand of roots (27)
Scrolls
 c - 7 scrolls of noise
 j - 4 scrolls of enchant armour
 k - 5 scrolls of summoning
 l - 6 scrolls of fear
 m - 5 scrolls of immolation
 n - a scroll of magic mapping
 o - 2 scrolls of poison
 p - 3 scrolls of vulnerability
 r - 14 scrolls of teleportation
 s - 2 scrolls of silence
 x - 3 scrolls of enchant weapon
 H - 4 scrolls of fog
 J - 2 scrolls of amnesia {unknown}
 U - 3 scrolls of brand weapon {unknown}
 Z - a scroll of torment {unknown}
Potions
 e - 8 potions of haste
 f - 18 potions of curing
 h - 9 potions of attraction
 u - 5 potions of invisibility
 v - 3 potions of berserk rage
 w - 2 potions of resistance
 z - 2 potions of flight
 C - 4 potions of magic
 D - 3 potions of mutation {!q}
 E - 4 potions of heal wounds
 I - 3 potions of ambrosia
 M - 5 potions of lignification
 Q - a potion of experience {unknown}
 T - 2 potions of might


   Skills:
 - Level 20.0 Fighting
 - Level 22.2 Axes
 + Level 14.0 Ranged Weapons
 * Level 14.5 Armour
 - Level 20.3 Dodging


You had 17 spell levels left.
You didn't know any spells.
Your spell library was empty.

Dungeon Overview and Level Annotations

Branches:
Dungeon (15/15)            Temple (0/1) D:5            Lair (5/5) D:9
  Swamp (4/4) Lair:2        Snake (4/4) Lair:2        Slime (0/5) Lair:5
    Orc (2/2) D:12            Elf (0/3) Orc:2        Vaults (0/5) D:14
 Depths (1/4) D:15          IceCv (visited)         Gauntlet (visited)

Altars:
Cheibriados
Gozag
Makhleb
Xom
Yredelemnul
Jiyva

Shops:
D:8 (   D:10 ?*!(*   Orc:2 [=!*   Snake:3 (   Depths:1 ?(

Annotations:
Swamp:1 2 transporters, hofbold's ghost, adept MfGl
Depths:1 Sojobo


Innate Abilities, Weirdness & Mutations

You have a pair of horns on your head.
You reflexively headbutt those who attack you in melee.
You are agile. (Dex +4, Str/Int -1)
Your natural rate of healing is unusually fast.
You have hidden genetic potential.


Message History

A sun demon, a hell hog, a balrug, a smoke demon and 2 nagas come into view.
The balrug is wielding a +1 demon whip of draining.
Found 37 gold pieces and a wand of flame (8).
The sun demon shouts!
The balrug shouts!
A salamander comes into view. It is wielding a +0 trident.
A salamander comes into view.
The balrug gestures at you. Something smites you!
* * * LOW HITPOINT WARNING * * *
The hell hog breathes fire at you.
The fireball explodes!
The fireball engulfs you. You resist.
* * * LOW HITPOINT WARNING * * *
You hear a shout!
You feel much better.
A sourceless malevolence fills the Depths... and a teleportation trap spontaneously manifests!
You are yanked towards some nearby monsters!
Your surroundings suddenly seem different.
A deep troll shaman comes into view.
Found Miugapy's Weapon Shop.
You feel yourself speed up.
The tengu reaver shouts!
The fire giant shouts!
The deep troll shaman calls upon its god to speed up the deep troll shaman.
The deep troll shaman seems to speed up.
As you read the scroll of teleportation, it crumbles to dust.
You feel strangely unstable.
The deep troll shaman calls upon its god to strengthen the deep troll shaman.
The deep troll shaman seems to grow stronger.
The tengu reaver gestures at you while chanting.
The bolt of poison hits you! You resist.
* * * LOW HITPOINT WARNING * * *
The deep troll earth mage closely misses you.
You furiously retaliate!
You headbutt the deep troll earth mage.
The deep troll earth mage barely misses you.
The deep troll earth mage claws you but does no damage.
The fire giant hits you but does no damage.
The vampire knight mumbles some strange words.
The vampire knight seems to speed up.
Sojobo gestures at you while chanting. The bolt of lightning hits you!!!
You die...

#......####.......###..
##..................#...
#...#.#..........>......
##....∩..................
#....#.#..Q..............
.####....#....C.Q.V..........
#...............V...........$
....###..$..........<[.....p.
##.. ##......@T..T..$.......
## #.....C.D...T.........
#.............##......
.......................
.......................
.......................
........................
.............∩.


You could see Sojobo (repels missiles), a fire giant, an ice dragon, a tengu
reaver, 2 vampire knights, an ettin, a deep troll earth mage and 2 deep troll
shamans.

Vanquished Creatures
  Vashnia (Snake:2)
  A tentacled monstrosity (Swamp:3)
  Asterion (Snake:2)
  Frances (Snake:2)
  A tengu reaver (D:15)
  2 thorn hunters (Swamp:4)
  A fenstrider witch (Swamp:3)
  Donald (Orc:1)
  4 nagarajas
  Roxanne (Swamp:3)
  5 ghouls
  Louise (Swamp:2)
  Aizul (Swamp:2)
  A stone giant (D:15)
  4 reapers
  A vampire knight (D:15)
  4 eleionomae
  6 bunyips
  Azrael (Orc:1)
  A minotaur (Gauntlet)
  2 ghost crabs
  5 salamander tyrants
  20 hydras
  A caustic shrike simulacrum (IceCv)
  A merfolk avatar (Lair:5)
  5 centaur warriors
  10 anacondas
  An ogre mage (D:13)
  2 two-headed ogres
  9 alligators
  21 naga warriors
  6 boulder beetles
  9 death yaks
  A deep troll shaman (D:15)
  6 tengu warriors
  5 orc high priests (Orc:2)
  16 naga sharpshooters
  4 shock serpents
  2 skysharks (Lair:5)
  Urug (Lair:2)
  Amaemon (Lair:1)
  11 salamander mystics
  5 skeletal warriors
  A fire crab (D:13)
  4 goliath frogs
  An iron troll (D:15)
  3 sea snakes
  3 deep trolls (D:15)
  A death drake (Swamp:3)
  2 spectral anacondas (Snake:2)
  6 naga ritualists
  Lodul (D:14)
  3 wizards
  2 spriggan druids (Swamp:4)
  Pikel (D:6)
  8 swamp dragons
  2 obsidian statues (IceCv)
  A necromancer (Gauntlet)
  3 bog bodies
  12 orc knights
  A harpy (Lair:5)
  7 deep elf pyromancers
  A deep elf zephyrmancer (D:13)
  7 mana vipers
  2 orc sorcerers
  18 ugly things
  23 salamanders
  3 will-o-the-wisps
  5 manticores
  16 elephants
  4 cyclopes
  18 naga magi
  6 guardian serpents
  31 black mambas
  An orange demon (Lair:1)
  2 gargoyles
  A spectral sea snake (Snake:2)
  An unseen horror (D:11)
  11 cane toads
  A torpor snail (Lair:1)
  9 komodo dragons
  2 kobold demonologists
  8 rime drakes
  A yaktaur (D:15)
  An anaconda simulacrum (Snake:2)
  3 spectral nagas (Snake:2)
  8 freezing wraiths
  4 tengu conjurers
  2 ice devils
  10 tyrant leeches
  3 bloated husks (Swamp:1)
  A hornet (shapeshifter) (D:15)
  3 golden dragon simulacra (IceCv)
  5 trolls
  2 spectral guardian serpents (Snake:2)
  9 hornets
  2 polar bears (Lair:5)
  A wind drake (Lair:5)
  3 blink frogs (Lair:1)
  4 raiju
  12 slime creatures
  A snapping turtle (Lair:5)
  9 dream sheep
  A shadow (D:12)
  5 small abominations (Gauntlet)
  33 yaks
  A centaur simulacrum (D:14)
  A dire elephant simulacrum (IceCv)
  3 water elementals (D:15)
  2 guardian serpent skeletons (Snake:2)
  7 spriggans
  5 fire elementals
  4 wraiths
  3 fire bats (Lair:3)
  A human (Lair:5)
  7 wyverns
  6 basilisks
  A hog (shapeshifter) (D:13)
  A redback (shapeshifter) (D:14)
  A minotaur simulacrum (IceCv)
  A steam dragon (Lair:1)
  3 wargs
  34 nagas
  15 swamp worms
  3 acid dragons
  Duvessa (D:7)
  4 hydra simulacra (IceCv)
  3 hell hounds
  17 water moccasins
  2 guardian serpent simulacra (Snake:2)
  37 orc warriors
  7 swamp drakes
  An ice beast (D:6)
  3 sky beasts
  2 black bears
  5 boggarts (D:15)
  3 ettin simulacra (IceCv)
  11 ogres
  30 wolves
  20 centaurs
  2 phantoms
  A lemure (D:6)
  6 kobold brigands
  16 bullfrogs
  A deep troll simulacrum (IceCv)
  2 naga simulacra (Snake:2)
  2 gnoll sergeants
  2 scorpions (D:5)
  An earth elemental (D:13)
  6 wights
  Dowan (D:7)
  4 killer bees (D:11)
  A lindwurm simulacrum (IceCv)
  3 electric eels
  5 howler monkeys
  4 jellies
  2 hounds
  3 gnoll boudas
  37 orc priests
  A sleepcap (D:5)
  3 iguanas
  19 orc wizards
  Robin (D:3)
  32 gnolls
  3 adders
  3 shadow imps
  2 white imps (D:7)
  2 worms
  3 dart slugs
  97 orcs
  7 ball pythons
  5 endoplasms
  4 giant cockroaches
  9 hobgoblins
  21 kobolds
  5 quokkas
  3 bats
  5 frilled lizards
  12 goblins
  3 rats
1122 creatures vanquished.

Vanquished Creatures (collateral kills)
  A goliath frog (Swamp:4)
  A naga ritualist (Snake:4)
  A naga mage (Snake:4)
  A komodo dragon (D:9)
  An orc warrior (D:9)
  An orc (D:9)
6 creatures vanquished.

Vanquished Creatures (others)
  A hydra (Swamp:4)
  An alligator (Swamp:4)
  2 naga sharpshooters
  A mana viper (Snake:2)
  A naga mage (Snake:2)
  A bloated husk (Swamp:3)
  A spectral naga (Snake:2)
  An orc wizard (Orc:2)
  27 fungi
  60 plants
96 creatures vanquished.

Grand Total: 1224 creatures vanquished

Notes
Turn   | Place    | Note
-------+----------+-------------------------------------------
     0 | D:1      | Grim the Minotaur Berserker began the quest for the Orb.
     0 | D:1      | Reached XP level 1. HP: 19/19 MP: 0/0
   182 | D:1      | Reached skill level 4 in Axes
   270 | D:1      | Reached XP level 2. HP: 23/26 MP: 1/1
   287 | D:1      | Found a faded altar of an unknown god.
   602 | D:2      | Reached skill level 5 in Axes
   608 | D:2      | Reached XP level 3. HP: 31/31 MP: 2/2
   672 | D:2      | Reached skill level 6 in Axes
   672 | D:2      | Reached XP level 4. HP: 39/39 MP: 3/3
   877 | D:2      | Reached ** piety under Trog
  1026 | D:2      | Identified the +0 cloak "Guadumas" {Dex+3}
  1391 | D:3      | Noticed Robin
  1402 | D:3      | Reached XP level 5. HP: 45/45 MP: 4/4
  1404 | D:3      | Killed Robin
  1405 | D:3      | Reached skill level 7 in Axes
  1872 | D:3      | Identified the +6 sling "Vemonoe" {speed, rC+ Dex+6}
  2218 | D:4      | Found an opulent altar of Gozag.
  2256 | D:4      | Reached skill level 8 in Axes
  2266 | D:4      | Reached XP level 6. HP: 44/51 MP: 5/5
  2297 | D:4      | Found a basalt altar of Yredelemnul.
  2782 | D:4      | Reached skill level 9 in Axes
  2934 | D:5      | Entered Level 5 of the Dungeon
  3023 | D:5      | Found a staircase to the Ecumenical Temple.
  3042 | D:5      | Reached *** piety under Trog
  3060 | D:5      | Reached XP level 7. HP: 57/57 MP: 6/6
  3086 | D:5      | Reached skill level 10 in Axes
  3478 | D:5      | Reached skill level 11 in Axes
  4060 | D:6      | Reached XP level 8. HP: 58/64 MP: 7/7
  4076 | D:6      | Reached skill level 12 in Axes
  4204 | D:6      | Noticed Pikel
  4215 | D:6      | Killed Pikel
  4216 | D:6      | Reached skill level 13 in Axes
  4519 | D:6      | Reached skill level 14 in Axes
  4701 | D:6      | Reached XP level 9. HP: 71/71 MP: 8/8
  4872 | D:7      | Reached skill level 5 in Fighting
  5124 | D:7      | Noticed Duvessa
  5124 | D:7      | Noticed Dowan
  5129 | D:7      | Killed Duvessa
  5130 | D:7      | Killed Dowan
  5699 | D:8      | Found Pinytux's Weapon Emporium.
  6216 | D:8      | Reached **** piety under Trog
  6913 | D:9      | Reached skill level 10 in Fighting
  6950 | D:9      | Reached XP level 10. HP: 80/95 MP: 9/9
  7020 | D:9      | Found a snail-covered altar of Cheibriados.
  7103 | D:9      | Noticed a deep elf pyromancer
  7103 | D:9      | Noticed a wizard
  7126 | D:9      | Killed a deep elf pyromancer
  7132 | D:9      | Killed a wizard
  7762 | D:9      | Identified the +0 scimitar "Suatt" {heavy, *Noise Str+3
                  | Dex+3}
  7965 | D:9      | Found a staircase to the Lair.
  8167 | D:10     | Entered Level 10 of the Dungeon
  8186 | D:10     | Found Fuwis's Antique Weapon Boutique.
  8192 | D:10     | Bought a runed hand crossbow for 240 gold pieces
  8277 | D:10     | Reached skill level 15 in Fighting
  8280 | D:10     | Reached XP level 11. HP: 108/108 MP: 10/10
  8282 | D:10     | Found Wifos's Assorted Antiques.
  8605 | D:10     | Found Ciuxeq's Magic Scroll Emporium.
  8769 | D:10     | Found Noestrah's General Store.
  8773 | D:10     | Found Vuann's Distillery.
  8941 | D:10     | Identified the amulet "Omil Faa" {RegenMP rElec rF+++
                  | Will++ Str-3}
  9232 | D:11     | Noticed a two-headed ogre
  9243 | D:11     | Killed a two-headed ogre
  9244 | D:11     | Reached skill level 5 in Armour
 10058 | D:11     | Identified the +1 pair of gloves "Tuqid" {Rampage *Corrode
                  | Will+}
 10447 | D:12     | Reached skill level 10 in Armour
 10630 | D:12     | Noticed a red ugly thing
 10638 | D:12     | Killed a red ugly thing
 10771 | D:12     | Reached ***** piety under Trog
 11153 | D:12     | Found a staircase to the Orcish Mines.
 11370 | D:13     | Noticed a centaur warrior
 11606 | D:13     | Noticed a boulder beetle
 11621 | D:13     | Killed a boulder beetle
 11622 | D:13     | Reached XP level 12. HP: 115/121 MP: 11/11
 11662 | D:13     | Killed a centaur warrior
 11686 | D:13     | Noticed a centaur warrior
 11699 | D:12     | Killed a centaur warrior
 12672 | D:13     | Noticed a boulder beetle
 12690 | D:13     | Killed a boulder beetle
 12781 | D:13     | Noticed a six-headed hydra
 12787 | D:13     | Killed a six-headed hydra
 12851 | D:13     | Reached skill level 1 in Ranged Weapons
 12908 | D:13     | Reached skill level 5 in Dodging
 13070 | D:13     | Noticed a centaur warrior
 13086 | D:13     | Killed a centaur warrior
 13500 | D:13     | Noticed a boulder beetle
 13511 | D:13     | Killed a boulder beetle
 13637 | D:13     | Received a gift from Trog
 13872 | D:14     | Noticed an ogre mage
 13874 | D:14     | Noticed a two-headed ogre
 13895 | D:13     | Killed a two-headed ogre
 14116 | D:13     | Killed an ogre mage
 14345 | D:13     | Reached XP level 13. HP: 127/127 MP: 12/12
 14454 | D:13     | Reached skill level 5 in Ranged Weapons
 16133 | D:14     | Reached skill level 10 in Dodging
 16500 | Lair:1   | Entered Level 1 of the Lair of Beasts
 16903 | Lair:1   | Noticed Amaemon
 16916 | Lair:1   | Killed Amaemon
 17720 | Lair:2   | HP: 4/127 [poisoned by a black mamba]
 18048 | Lair:2   | Found a staircase to the Snake Pit.
 18222 | Lair:2   | Noticed Urug
 18827 | Lair:2   | Killed Urug
 19270 | Lair:2   | Reached XP level 14. HP: 117/135 MP: 13/13
 20109 | Lair:2   | Found a staircase to the Swamp.
 20457 | Lair:3   | Found a gate leading to a gauntlet.
 20470 | Gauntlet | Entered a Gauntlet
 20470 | Gauntlet | Found a transporter.
 20532 | Gauntlet | Found a transporter.
 20534 | Gauntlet | Found a transporter.
 20547 | Gauntlet | Found a transporter.
 20548 | Gauntlet | Found a transporter.
 20557 | Gauntlet | Found a transporter.
 20573 | Gauntlet | Found a transporter.
 20584 | Gauntlet | Found a transporter.
 20592 | Gauntlet | Found a runed translucent door.
 20593 | Gauntlet | Noticed a quicksilver ooze
 20596 | Gauntlet | Found a transporter.
 20602 | Gauntlet | Found a runed translucent door.
 20607 | Gauntlet | Found a transporter.
 20621 | Gauntlet | Found a transporter.
 20632 | Gauntlet | Found a transporter.
 20698 | Gauntlet | Found a transporter.
 20709 | Gauntlet | Found a transporter.
 20888 | Gauntlet | Identified the ring "Finaoh" {*Slow rF+ Will+ rCorr}
 20964 | Gauntlet | Identified the +3 pair of gloves of Melancholy {rPois rF-
                  | rC+++ Str-3}
 21251 | Gauntlet | Identified the ring "Guplagug" {rElec rCorr Int-3 Dex+6}
 22257 | Lair:4   | Reached skill level 15 in Axes
 22742 | Lair:5   | Entered Level 5 of the Lair of Beasts
 23323 | Lair:5   | Reached skill level 16 in Axes
 23466 | Lair:5   | Found a staircase to the Slime Pits.
 23466 | Lair:5   | Found a viscous altar of Jiyva.
 24010 | Lair:5   | Reached XP level 15. HP: 67/141 MP: 14/14
 24273 | Lair:5   | Reached skill level 10 in Ranged Weapons
 24516 | Lair:5   | Identified the +4 trident of the Cursing Gods {elec, rC+
                  | rN+ Int+2}
 24528 | Lair:5   | Reached skill level 17 in Axes
 24641 | Lair:5   | Found a runed translucent door.
 25103 | D:14     | Noticed Lodul
 25109 | D:14     | Killed Lodul
 25491 | D:14     | Found a gate to the Vaults.
 26033 | D:15     | Entered Level 15 of the Dungeon
 26572 | D:15     | Reached skill level 18 in Axes
 26808 | D:15     | Found a staircase to the Depths.
 28054 | Orc:1    | Entered Level 1 of the Orcish Mines
 28504 | Orc:2    | Entered Level 2 of the Orcish Mines
 28513 | Orc:2    | Noticed Azrael
 28536 | Orc:1    | Received a gift from Trog
 28537 | Orc:1    | Reached skill level 19 in Axes
 28682 | Orc:1    | Killed Azrael
 29219 | Orc:2    | Found a staircase to the Elven Halls.
 29219 | Orc:2    | Found a shimmering altar of Xom.
 29236 | Orc:2    | Noticed Donald
 29261 | Orc:1    | Killed Donald
 29428 | Orc:2    | Found a burning altar of Makhleb.
 29453 | Orc:2    | Received a gift from Trog
 30209 | Orc:2    | Reached XP level 16. HP: 154/154 MP: 15/15
 30463 | Orc:2    | Found Fafynt's Jewellery Emporium.
 30466 | Orc:2    | Found Ijoefeuz's Distillery.
 30467 | Orc:2    | Found Biorphol's Antique Armour Emporium.
 30468 | Orc:2    | Found Oda Ran's General Store.
 30475 | Orc:2    | Bought the amulet "Dicsipna" {rF+++ rC+ Regen+ Dex-4
                  | Slay+4} for 1136 gold pieces
 30844 | Swamp:1  | Entered Level 1 of the Swamp
 31076 | Swamp:1  | Reached skill level 20 in Axes
 31151 | Swamp:1  | Reached ****** piety under Trog
 31378 | Swamp:1  | Found a transporter.
 31552 | Swamp:1  | Found a transporter.
 31620 | Swamp:1  | Noticed hofbold's ghost (adept MfGl)
 31885 | Swamp:2  | Noticed Louise
 32102 | Swamp:2  | Killed Louise
 32192 | Swamp:2  | Received a gift from Trog
 32680 | Swamp:2  | Identified a scroll of acquirement
 32681 | Swamp:2  | Acquired a manual of Fighting
 32752 | Swamp:3  | Noticed a tentacled monstrosity
 32777 | Swamp:3  | Noticed Aizul
 32784 | Swamp:3  | Killed a tentacled monstrosity
 32789 | Swamp:2  | Killed Aizul
 33014 | Swamp:3  | Reached skill level 21 in Axes
 33043 | Swamp:3  | Noticed Roxanne
 33060 | Swamp:3  | Killed Roxanne
 33184 | Swamp:3  | Found a frozen archway.
 33197 | IceCv    | Entered an ice cave
 33318 | IceCv    | Gained mutation: You are vulnerable to heat. (rF-) [a
                  | neqoxec]
 33969 | IceCv    | Received a gift from Trog
 34035 | IceCv    | Identified the +0 pair of boots of Lanuan {rC+}
 34940 | Swamp:4  | Entered Level 4 of the Swamp
 34940 | Swamp:4  | Noticed a thorn hunter
 34948 | Swamp:3  | Reached skill level 22 in Axes
 35120 | Swamp:4  | Killed a thorn hunter
 35522 | Swamp:4  | Reached XP level 17. HP: 127/168 MP: 16/16
 35754 | Swamp:4  | Reached skill level 15 in Dodging
 36019 | D:10     | Bought a potion of mutation for 120 gold pieces
 36019 | D:10     | Lost mutation: You are vulnerable to heat. (rF-) [potion of
                  | mutation]
 36019 | D:10     | Gained mutation: You are dopey. (Int -2) [potion of
                  | mutation]
 36020 | D:10     | Lost mutation: You are dopey. (Int -2) [potion of mutation]
 36020 | D:10     | Gained mutation: You have hidden genetic potential. [potion
                  | of mutation]
 36020 | D:10     | Gained mutation: You are agile. (Dex +4, Str/Int -1)
                  | [potion of mutation]
 36367 | Swamp:4  | Identified the ring of Scepticism {rElec rF+ rN++}
 36563 | Swamp:4  | Got a decaying rune of Zot
 36877 | Snake:1  | Entered Level 1 of the Snake Pit
 37950 | Snake:2  | Noticed Vashnia
 38002 | Snake:2  | Killed Vashnia
 38216 | Snake:2  | Received a gift from Trog
 38446 | Snake:2  | Found a transporter.
 38760 | Snake:2  | Identified the +4 kite shield of Okawaru's Whim {+Blink
                  | rElec rN++ Dex-2}
 38760 | Snake:2  | Noticed Asterion
 38772 | Snake:2  | Killed Asterion
 39045 | Snake:2  | Noticed Frances
 39054 | Snake:2  | Killed Frances
 39513 | Snake:2  | Found a transporter.
 39834 | Snake:2  | Reached XP level 18. HP: 112/178 MP: 17/17
 39912 | Snake:2  | Identified the ring "Xierut" {Fly Int+3 Dex+7}
 39921 | Snake:2  | Identified the ring "Xeeh" {Int+7 Slay+4}
 39942 | Snake:2  | Identified the +3 dagger "Ugoan" {flame, Stlth+}
 40013 | Snake:3  | Found Fulipn's Weapon Shop.
 40033 | Snake:3  | Received a gift from Trog
 40160 | Snake:3  | Gained mutation: Your natural rate of healing is unusually
                  | fast. [hidden potential]
 40580 | Snake:3  | Received a gift from Trog
 40938 | Snake:4  | Entered Level 4 of the Snake Pit
 41579 | Snake:4  | Received a gift from Trog
 41789 | Snake:4  | Got a serpentine rune of Zot
 42340 | Depths:1 | Entered Level 1 of the Depths
 42350 | Depths:1 | Noticed Sojobo
 42352 | Depths:1 | Paralysed by an air elemental for 1 turns
 42571 | Depths:1 | Found Loerchim's Magic Scroll Boutique.
 42593 | Depths:1 | Found Miugapy's Weapon Shop.
 42594 | Depths:1 | Killed from afar by Sojobo

Illustrated notes

Levels and vault maps discovered:
D:1:      ncdulo_lavacross, layout_basic,
          shapermc_ecumenical_altar_starsandcircs
D:2:      layout_basic
D:3:      layout_basic, grunt_ministairs_15, uniq_robin
D:4:      layout_rooms, mainiacjoe_overflow_catch_the_wave, st_stairs_5
D:5:      layout_basic, minmay_temple_entry_glass, serial_rivers,
          chequers_serial_rivers_room_a, chequers_serial_rivers_large_a,
          chequers_serial_rivers_small_b, chequers_serial_rivers_marsh
D:6:      layout_loops_ring, uniq_pikel
D:7:      layout_loops_cross, uniq_duvessa
D:8:      layout_gridville, serial_shops, nicolae_shop_bloodbath_and_beyond,
          glass_columns_a
D:9:      layout_basic, cheibriados_altar_1, erik_lair_dragon, minmay_bent
D:10:     layout_roguey, serial_shops, nicolae_shop_advertising_works
          [nicolae_subvault_shop_adworks], kennysheep_little_box, shop_scrolls,
          nicolae_stop_n_shop_1, shop_statue, serial_aquarium,
          aquarium_bridge_straight [aquarium_subvault_bridge,
          aquarium_subvault_wall, aquarium_subvault_bridge,
          aquarium_subvault_window], aquarium_window_fake, aquarium_window_1,
          aquarium_view_2b, aquarium_view_2a
D:11:     layout_basic
D:12:     layout_long_grid, david_orc_1_choice
D:13:     layout_gridville, dilly_guarded_unrand_elemental_staff
D:14:     layout_stronghold, hangedman_vaults_entry_quadrant_bands,
          minmay_misc_feat_plants, uniq_lodul
D:15:     hangedman_depths_entry_civil_slaughter, layout_small_grid,
          minmay_misc_feat_enclosed, nicolae_sextant, chequers_big_river
Lair:1:   layout_gridlike, uniq_amaemon
Lair:2:   layout_regular_city, minmay_swamp_entry_worms,
          minmay_snake_entry_six_corridors, lemuel_fruit_tree, uniq_urug
Lair:3:   beast_lair_carwin_large_2, layout_cave_shapes,
          nicolae_volcano_entry_batcave, gauntlet_entry_generic
Lair:4:   layout_misc_corridors, grunt_megastairs_4
Lair:5:   gammafunk_lair_ancient_temple, layout_regular_city,
          nicolae_slime_entry_field_trip, pdpol_lair_cabin_in_the_woods
Swamp:1:  layout_basic_swamp, gammafunk_ghost_berserking_beasts,
          evilmike_swamp_ruin_house_3
Swamp:2:  layout_basic_swamp, evilmike_swamp_ruin_house_4, swamp_pool2,
          nicolae_swamp_triple_paths, nicolae_swamp_well_well_well, uniq_louise
Swamp:3:  layout_basic_swamp, portal_ice_cave_entry_frozen_things,
          nicolae_swamp_decorative_isthmus, uniq_aizul, uniq_roxanne
Swamp:4:  swamp, layout_basic_swamp
Snake:1:  layout_onion, serial_bayou_shore_a
Snake:2:  gammafunk_its_a_trap, layout_layer_cave,
          nicolae_snake_the_dead_are_slithering, uniq_vashnia, uniq_asterion,
          uniq_frances
Snake:3:  layout_cave_town, serial_shops, nicolae_shop_hallway_plus
Snake:4:  snake_pit, layout_grid_shapes
Orc:1:    layout_diamond_mine
Orc:2:    st_orc_pillars, layout_diamond_mine, basic_altar, bloody_makhleb,
          uniq_donald, uniq_azrael
Depths:1: layout_cave_shapes, hellmouth_1, nicolae_kite_square_tiling_tiny,
          serial_shops, nicolae_shop_stone, shop, shop,
          nicolae_shop_temple_entry_statues_fountains, nicolae_shop_crystal,
          pan_entry, minmay_pinched_square, uniq_sojobo

Skill      XL: |  1  2  3  4  5  6  7  8  9 10 11 12 13 14 15 16 17 18 |
---------------+-------------------------------------------------------+-----
Axes           | 4 5 6 8 9 11 14 16 19 22 | 22.2
Fighting       | 4 11 15 16 19 20 | 20.0
Armour         | 12 14 | 14.5
Dodging        | 7 12 14 18 20 | 20.3
Ranged Weapons | 4 7 9 10 12 14 | 14.0

Action                     |  1- 3 |  4- 6 |  7- 9 | 10-12 | 13-15 | 16-18 || total
---------------------------+-------+-------+-------+-------+-------+-------++-------
  Melee: Hand axe          |    39 |   150 |   193 |   467 |    61 |       ||   910
         Headbutt          |     3 |    18 |    28 |   119 |   225 |   200 ||   593
         Punch             |       |     1 |     2 |     6 |     5 |       ||    14
         War axe           |       |       |       |       |   360 |       ||   360
         Executioner's axe |       |       |       |       |   567 |   766 ||  1333
   Fire: Sling             |       |     8 |    34 |    24 |       |       ||    66
         Hand crossbow     |       |       |       |   122 |   384 |   538 ||  1044
 Invoke: Berserk           |     2 |     2 |     5 |    12 |    26 |    14 ||    61
         Trog's Hand       |       |     1 |     3 |     5 |     4 |     5 ||    18
         Brothers in Arms  |       |       |       |     1 |     1 |     3 ||     5
  Evoke: Wand              |       |       |       |       |     1 |       ||     1
    Use: Scroll            |       |       |       |       |    28 |    18 ||    46
         Potion            |       |       |       |       |     4 |     6 ||    10
 Armour: Animal skin       |     2 |       |       |       |       |       ||     2
         Ring mail         |     9 |    35 |       |       |       |       ||    44
         Chain mail        |       |    33 |    74 |   335 |   742 |   263 ||  1447
         Plate armour      |       |       |       |       |       |   667 ||   667
  Dodge: Dodged            |    28 |    68 |    49 |   216 |   752 |   807 ||  1920

Table legend: (Time is in decaauts)
 A = Elapsed time spent in this place.
 B = Non-inter-level travel time spent in this place.
 C = Inter-level travel time spent in this place.
 D = Time resting spent in this place.
 E = Time spent auto-exploring this place.
 F = Levels seen in this place.
 G = Mean time per level.
                   A        B        C        D        E       F      G
               +--------+--------+--------+--------+--------+-----+--------+
         Total |  43661 |  40982 |   2679 |  13867 |  19498 |  33 | 1323.1 |
       Dungeon |  20559 |  19139 |   1420 |   6538 |   9832 |  15 | 1370.6 |
          Lair |   8122 |   7581 |    541 |   3081 |   3264 |   5 | 1624.4 |
         Swamp |   5133 |   4818 |    315 |   1675 |   2128 |   4 | 1283.2 |
     Snake Pit |   5420 |   5064 |    356 |    811 |   2859 |   4 | 1355.0 |
  Orcish Mines |   2634 |   2589 |     45 |    932 |    976 |   2 | 1317.0 |
        Depths |     61 |     61 |      0 |      0 |      0 |   1 |   61.0 |
      Ice Cave |    909 |    909 |      0 |    524 |    210 |   1 |  909.0 |
      Gauntlet |    819 |    819 |      0 |    304 |    228 |   1 |  819.0 |
               +--------+--------+--------+--------+--------+-----+--------+

Top non-repeatable levels by time:
    D:13: 2932 daAuts
    D:14: 2444 daAuts
  Lair:2: 2340 daAuts
 Snake:2: 2225 daAuts
  Lair:5: 2219 daAuts
    D:15: 2209 daAuts
    D:12: 2080 daAuts
  Lair:1: 1895 daAuts
     D:9: 1713 daAuts
   Orc:2: 1679 daAuts
 Swamp:3: 1534 daAuts
 Swamp:1: 1384 daAuts
 Swamp:4: 1220 daAuts
    D:10: 1204 daAuts
     D:8: 1183 daAuts
